 Dungeon Crawl Stone Soup version 0.30-a0-42-g806c11bf1d (webtiles) character file.

Game seed: 10513624093494279338

37 SensoryNuts the Trooper (level 3, -3/32 (33) HPs)
             Began as a Hill Orc Fighter on Aug 30, 2022.
             Slain by a gnoll
             ... wielding a +0 halberd
              (6 damage)
             ... on level 2 of the Dungeon.
             The game lasted 00:00:59 (904 turns).

SensoryNuts the Trooper (Hill Orc Fighter)           Turns: 904, Time: 00:01:00

HP:   -3/32 (33)    AC:  6    Str: 20    XL:     3   Next: 39%
MP:   0/3           EV:  9    Int:  8    God:
Gold: 62            SH:  4    Dex: 10    Spells: 2/2 levels left

rFire   . . .      SeeInvis +    a - +0 war axe
rCold   . . .      Faith    .    c - +0 buckler
rNeg    . . .      Spirit   +    b - +0 scale mail
rPois   .          Reflect  .    (no helmet)
rElec   .          Harm     .    (no cloak)
rCorr   .          Rampage  .    (no gloves)
Will    .....                    (no boots)
Stlth   ..........               f - amulet of guardian spirit
HPRegen 0.10/turn                i - ring of see invisible
MPRegen 0.08/turn                (no ring)

@: lightly drained
A: no striking features
a: no special abilities


You were on level 2 of the Dungeon.
You visited 1 branch of the dungeon, and saw 2 of its levels.

You collected 62 gold pieces.

Inventory:

Hand Weapons
 a - a +0 war axe (weapon)
Armour
 b - a +0 scale mail (worn)
 c - a +0 buckler (worn)
Jewellery
 f - an amulet of guardian spirit (around neck)
 i - a ring of see invisible (left hand)
Scrolls
 e - a scroll of identify
Potions
 d - a potion of might
 g - a potion of curing
 h - a potion of haste {unknown}


   Skills:
 + Level 4.2 Fighting
 * Level 3.6 Axes
 + Level 3.5 Armour
 + Level 0.1 Dodging
 + Level 3.6 Shields


You had 2 spell levels left.
You didn't know any spells.
Your spell library was empty.

Dungeon Overview and Level Annotations

Branches:
Dungeon (2/15)

Altars:


Message History

No target in view!
You start putting on your amulet.
You continue putting on your amulet of guardian spirit. x5
You finish putting on your amulet of guardian spirit.
You feel your power drawn to a protective spirit.
f - an amulet of guardian spirit (around neck)
i - a ring of see invisible (left hand)
You see here a worm corpse.
A gnoll comes into view. It is wielding a +0 whip.
The gnoll shouts!
A gnoll comes into view. It is wielding a +0 halberd.
There are monsters nearby!
There are monsters nearby!
The gnoll shouts!
A gnoll comes into view. It is wielding a +0 whip.
The gnoll shouts!
You swing at nothing.
You swing at nothing.
A goblin comes into view. It is wielding a +0 dagger.
The gnoll barely misses you.
You swing at nothing.
The goblin shouts!
The gnoll hits you but does no damage.
You swing at nothing.
The gnoll hits you from afar with a +0 halberd!
You swing at nothing.
The gnoll closely misses you. x2
You swing at nothing.
You block the gnoll's attack.
You swing at nothing.
The gnoll closely misses you.
You swing at nothing.
The gnoll hits you from afar with a +0 halberd.
The gnoll hits you from afar with a +0 halberd!
You swing at nothing.
The gnoll hits you from afar with a +0 halberd!
* * * LOW HITPOINT WARNING * * *
You swing at nothing.
The gnoll completely misses you. The gnoll barely misses you.
You swing at nothing.
The gnoll barely misses you.
You swing at nothing.
The gnoll hits you from afar with a +0 halberd!
You die...

#.# #.# #.# #### ##
##.# ... ... ..# #.#
... #.######.###.###
...#####.#.............
..gggg.@...†...........
...#####.######^.......
........#.#..####
..........'....#
####.#.....#.##.# .
#.#######.##.####.
#.#######.........
.............#..#
..###########..#


You could see 3 gnolls and a goblin.

Vanquished Creatures
  A worm (D:2)
  2 endoplasms (D:1)
  3 giant cockroaches (D:1)
  7 goblins (D:1)
  4 hobgoblins (D:1)
  A quokka (D:1)
  4 ball pythons
  4 bats
  A frilled lizard (D:1)
  2 rats (D:1)
29 creatures vanquished.

Notes
Turn   | Place    | Note
-------+----------+-------------------------------------------
     0 | D:1      | SensoryNuts the Hill Orc Fighter began the quest for the
                  | Orb.
     0 | D:1      | Reached XP level 1. HP: 19/19 MP: 1/1
    52 | D:1      | Noticed a floating eye
    58 | D:1      | Found a faded altar of an unknown god.
    60 | D:1      | Noticed a golden eye
    60 | D:1      | Noticed a floating eye
    60 | D:1      | Noticed a golden eye
   117 | D:1      | Reached XP level 2. HP: 24/27 MP: 2/2
   198 | D:1      | Reached skill level 4 in Fighting
   283 | D:1      | Reached XP level 3. HP: 32/32 MP: 3/3
   904 | D:2      | Slain by a gnoll

Illustrated notes

Levels and vault maps discovered:
D:1:      mrwooster_arrival_statue_2, layout_rooms,
          hellmonk_ecumenical_altar_watching_god, minmay_pentomino_v2
D:2:      layout_basic, uniq_sigmund

Skill      XL: |  1  2 |
---------------+-------+-----
Axes           | 3 |  3.6
Fighting       | 4 |  4.2
Armour         | |  3.5
Dodging        | |  0.1
Shields        | |  3.6

Action                   || total
-------------------------++-------
Melee: War axe           ||    60
  Use: Scroll            ||     1
Armor: Scale mail        ||    29
Dodge: Dodged            ||    36
Block: Buckler           ||    14

Table legend: (Time is in decaauts)
 A = Elapsed time spent in this place.
 B = Non-inter-level travel time spent in this place.
 C = Inter-level travel time spent in this place.
 D = Time resting spent in this place.
 E = Time spent auto-exploring this place.
 F = Levels seen in this place.
 G = Mean time per level.
                   A        B        C        D        E       F      G
               +--------+--------+--------+--------+--------+-----+--------+
         Total |    930 |    857 |     73 |      0 |    674 |   2 |  465.0 |
       Dungeon |    930 |    857 |     73 |      0 |    674 |   2 |  465.0 |
               +--------+--------+--------+--------+--------+-----+--------+

Top non-repeatable levels by time:
     D:1: 802 daAuts
     D:2: 128 daAuts
